 Dungeon Crawl Stone Soup version 0.27-a0-406-g23f261fbd2 (webtiles) character file.

Game seed: 9281085926552934712

12177 dickylongcocking the Artisan of Death (level 12, -1/92 HPs)
             Began as a Human Summoner on Feb 22, 2021.
             Was a Priest of Kikubaaqudgha.
             Slain by a skeletal warrior
             ... wielding a +0 glaive
             ... led by a skeletal warrior
              (20 damage)
             ... on level 11 of the Dungeon.
             The game lasted 00:26:20 (16355 turns).

dickylongcocking the Artisan of Death (HuSu)       Turns: 16355, Time: 00:26:21

Health: -1/92      AC: 10    Str: 10    XL:     12   Next: 17%
Magic:  8/30       EV: 12    Int: 20    God:    Kikubaaqudgha [***...]
Gold:   537        SH:  5    Dex: 13    Spells: 9/23 levels left

rFire    . . .     SeeInvis .   d - +1 glaive (protect)
rCold    . . .     Faith    .   (shield currently unavailable)
rNeg     . . .     Spirit   .   y - +0 troll leather armour
rPois    +         Reflect  +   k - +0 helmet
rElec    .         Harm     .   q - +0 cloak
rCorr    .         Rampage  .   E - +2 pair of gloves
Will     .....                  (no boots)
Stlth    +++.......             C - amulet of reflection
HPRegen  1.25/turn              c - ring of poison resistance
MPRegen  0.22/turn              v - ring of magical power

@: no status effects
A: no striking features
a: Renounce Religion, Receive Corpses


You were on level 11 of the Dungeon.
You worshipped Kikubaaqudgha.
Kikubaaqudgha was most pleased with you.
You visited 2 branches of the dungeon, and saw 12 of its levels.
You also visited: Ossuary.

You collected 712 gold pieces.
You spent 175 gold pieces at shops.

Inventory:

Hand Weapons
 b - a +1 whip of electrocution
 d - a +1 glaive of protection (weapon)
 e - a +0 spear
 i - a +1 trident of freezing
 n - a +2 spear
Armour
 a - a +0 robe
 h - a +2 kite shield
 k - a +0 helmet (worn)
 o - a +0 ring mail
 p - a +0 pair of gloves
 q - a +0 cloak (worn)
 y - a +0 troll leather armour (worn)
 E - a +2 pair of gloves (worn)
Magical Staves
 D - a staff of poison
Jewellery
 c - a ring of poison resistance (left hand)
 j - a ring of flight
 l - an amulet of regeneration
 r - a ring of wizardry
 v - a ring of magical power (right hand)
 C - an amulet of reflection (around neck)
Wands
 s - a wand of digging (3)
 x - a wand of random effects (18)
 A - a wand of mindburst (2)
 L - a wand of flame (45)
Scrolls
 f - a scroll of enchant weapon
 g - a scroll of identify
 m - a scroll of random uselessness
 u - a scroll of torment
 B - 2 scrolls of fear
 F - a scroll of silence
 I - 2 scrolls of teleportation
 J - 4 scrolls of magic mapping
Potions
 w - 7 potions of brilliance
 z - a potion of resistance
 G - 2 potions of curing
 H - 2 potions of attraction
 K - a potion of might
 N - a potion of heal wounds


   Skills:
 - Level 7.8 Fighting
 - Level 5.4 Polearms
 - Level 5.0 Armour
 - Level 2.0 Dodging
 - Level 7.5 Stealth
 * Level 6.1 Spellcasting
 - Level 6.5 Summonings
 * Level 10.1 Necromancy
 - Level 4.0 Ice Magic


You had 9 spell levels left.
You knew the following spells:

 Your Spells              Type           Power        Failure   Level
a - Summon Small Mammal   Summ           100%         1%          1
b - Call Canine Familiar  Summ           32%          2%          3
c - Summon Ice Beast      Ice/Summ       27%          16%         4
d - Corpse Rot            Necr/Air       N/A          2%          2
e - Dispel Undead         Necr           46%          2%          4

Your spell library contained the following spells:

 Spells                   Type           Power        Failure   Level
 Pain                     Necr           100%         1%          1
 Call Imp                 Summ           32%          1%          2
 Sublimation of Blood     Necr           23%          1%          2
 Vampiric Draining        Necr           23%          1%          3
 Freeze                   Ice            88%          2%          1
 Animate Dead             Necr           23%          2%          4
 Excruciating Wounds      Necr           23%          6%          5
 Summon Guardian Golem    Hex/Summ       19%          11%         3
 Foxfire                  Conj/Fire      24%          14%         1
 Sandblast                Erth           12%          14%         1
 Blink                    Tloc           N/A          21%         2
 Passwall                 Tmut/Erth      5%           21%         2
 Death Channel            Necr           23%          32%         6
 Summon Lightning Spire   Summ/Air       19%          34%         4
 Portal Projectile        Hex/Tloc       12%          38%         3
 Stone Arrow              Conj/Erth      12%          38%         3
 Borgnjor's Vile Clutch   Necr/Erth      13%          43%         5
 Simulacrum               Ice/Necr       17%          75%         6
 Petrify                  Tmut/Erth      6%           80%         4
 Bolt of Magma            Conj/Fire/Erth 3%           98%         5
 Iskenderun's Battlesphe  Conj           6%           98%         5
 Lee's Rapid Deconstruct  Erth           3%           98%         5
 Iron Shot                Conj/Erth      3%           100%        6
 Orb of Destruction       Conj           3%           100%        7
 Spellforged Servitor     Conj/Summ      9%           100%        7
 Disjunction              Tloc           3%           100%        8


Dungeon Overview and Level Annotations

Branches:
Dungeon (11/15)            Temple (1/1) D:6            Lair (0/6) D:10
    Orc (0/2) D:10        Ossuary (visited)

Altars:
Ashenzari
Cheibriados
Dithmenos
Elyvilon
Fedhas
Gozag
Hepliaklqana
Kikubaaqudgha
Makhleb
Nemelex Xobeh
Okawaru
Qazlal
Ru
Sif Muna
Trog
Uskayaw
Vehumet
Wu Jian
Xom
Yredelemnul
Zin
The Shining One

Shops:
D:9 :   D:11 *

Annotations:
D:3 3 runed translucent doors, dickylongcocking's ghost, weakling DrFE
D:11 Gastronok


Message History

The skeletal warrior is dispelled!!
You destroy the skeletal warrior!
Kikubaaqudgha accepts your kill.
Your Spellcasting skill increases to level 6!
Your Necromancy skill increases to level 10!
You see here a +0 halberd.
The skeletal warrior hits you with a +0 glaive!
Gastronok opens the door.
Casting: Dispel Undead (dangerous; 2% risk of failure)
Confirm with . or Enter, or press ? or * to list all spells.
Aiming: Dispel Undead (dangerous; 2% risk of failure)
Press: ? - help, Shift-Dir - straight line, f - skeletal warrior
Aim: a skeletal warrior, wielding a +0 long sword (0% to evade)
The skeletal warrior is dispelled!!
The skeletal warrior hits you with a +0 long sword!
The skeletal warrior hits you with a +0 glaive!!
Unknown command.
Casting: Dispel Undead (dangerous; 2% risk of failure)
Confirm with . or Enter, or press ? or * to list all spells.
Aiming: Dispel Undead (dangerous; 2% risk of failure)
Press: ? - help, Shift-Dir - straight line, f/p - skeletal warrior
Aim: a skeletal warrior, wielding a +0 long sword (heavily damaged, 0% to evade)
The skeletal warrior is dispelled!!
The skeletal warrior hits you with a +0 long sword!
The skeletal warrior barely misses you.
You see here a +0 halberd.
As you read the scroll of fog, it crumbles to dust.
The scroll dissolves into smoke.
The skeletal warrior hits you from afar with a +0 glaive.
Unknown command.
The skeletal warrior hits you with a +0 long sword!
* * * LOW HITPOINT WARNING * * *
There is an open door, spattered with blood here.
Unknown command.
Unknown command.
There is a stone staircase leading up here.
Unknown command.
The skeletal warrior hits you from afar with a +0 glaive!!
You die...
Kikubaaqudgha rasps: "You have failed me!
Welcome... death!"

#......####
#...∩._#A##
#......####
#.......##..
#.§§)...##.#
#.§§§§..'..#
#.§§z§§.####
####z#### #@§.##
###..# ######.##
#######+# #.......#
#........
#...[...####......!.
#..........#........
#.......##.#........
###.######.'........
#. ###........


You could see 2 skeletal warriors.

Vanquished Creatures
  Harold (D:8)
  A two-headed ogre (D:9)
  5 skeletal warriors (D:11)
  Pikel (D:8)
  A troll (D:10)
  Prince Ribbit (D:5)
  A wraith (D:10)
  7 yaks
  2 wyverns
  A soldier ant (D:10)
  A water moccasin (D:5)
  2 sky beasts
  2 ice beasts
  A necrophage (D:6)
  2 centaurs
  5 ogres
  4 wolves
  A lemure (D:8)
  A phantom (D:9)
  5 nameless horrors
  3 bullfrogs
  A wyvern zombie (D:11)
  A scorpion (D:5)
  2 killer bees (D:9)
  3 wights (D:11)
  3 howler monkeys
  An electric eel (D:10)
  2 bullfrog zombies (D:4)
  A quasit (D:9)
  3 orc priests
  A centaur skeleton (D:5)
  5 hounds
  A jelly (D:10)
  2 bullfrog skeletons
  3 iguanas
  3 orc wizards
  8 worker ants
  A hound zombie (D:5)
  A hound skeleton (D:7)
  2 mummies (Ossuary)
  3 worker ant zombies (D:4)
  11 adders
  4 gnolls
  A shadow imp (D:5)
  2 white imps
  3 ufetubi
  An ooze (D:1)
  2 adder skeletons
  2 adder zombies (Ossuary)
  3 worms
  2 dart slugs (D:2)
  2 leopard geckos
  30 orcs
  3 giant cockroaches
  4 goblins
  4 hobgoblins
  2 jackals (D:1)
  7 kobolds
  5 quokkas
  2 ball pythons
  10 bats
  2 frilled lizards
  2 goblin zombies (Ossuary)
  3 hobgoblin zombies (Ossuary)
  A jackal zombie (D:4)
  A leopard gecko skeleton (D:4)
  2 leopard gecko zombies
  A quokka zombie (Ossuary)
  5 rats
  2 rat zombies (Ossuary)
214 creatures vanquished.

Vanquished Creatures (collateral kills)
  A hornet (D:9)
  A troll (D:7)
  A spriggan (D:9)
  A wyvern (D:8)
  5 yaks
  Grum (D:8)
  A water moccasin (D:9)
  2 orc warriors (D:10)
  A hornet zombie (D:10)
  2 sky beasts
  A black bear (D:6)
  An ice beast (D:6)
  6 ogres
  A centaur (D:7)
  2 wolves (D:8)
  2 phantoms (D:8)
  A kobold brigand (D:8)
  2 bullfrogs
  A wyvern zombie (D:7)
  3 killer bees (D:9)
  7 howler monkeys
  2 electric eels (D:10)
  A nameless horror (D:8)
  8 hounds
  Terence (D:2)
  2 orc wizards
  2 worker ants (D:4)
  2 hound zombies
  2 mummies
  A hound skeleton (D:4)
  7 gnolls
  7 adders
  A shadow imp (D:5)
  2 white imps
  An ufetubus (D:8)
  2 adder zombies
  3 adder skeletons
  2 worms
  5 leopard geckos
  17 orcs
  A ball python (D:6)
  2 bats
  A giant cockroach (D:3)
  A goblin (D:2)
  5 hobgoblins
  4 jackals
  2 quokkas
  2 frilled lizards (D:1)
  A goblin zombie (Ossuary)
  4 hobgoblin zombies (Ossuary)
  3 kobolds
  A quokka zombie (Ossuary)
  2 rats
  A rat zombie (Ossuary)
141 creatures vanquished.

Vanquished Creatures (others)
  A goblin (D:1)
  A kobold (D:1)
  A withered plant (D:4)
3 creatures vanquished.

Grand Total: 358 creatures vanquished

Notes
Turn   | Place    | Note
-------+----------+-------------------------------------------
     0 | D:1      | dickylongcocking the Human Summoner began the quest for the
                  | Orb.
     0 | D:1      | Reached XP level 1. HP: 13/13 MP: 3/3
   714 | D:1      | Reached XP level 2. HP: 19/19 MP: 0/5
  1343 | D:1      | Reached skill level 1 in Polearms
  1991 | D:1      | Reached XP level 3. HP: 19/25 MP: 6/6
  1995 | D:1      | Learned a level 3 spell: Call Canine Familiar
  2754 | D:2      | Reached skill level 1 in Fighting
  2765 | D:2      | Reached XP level 4. HP: 29/32 MP: 5/7
  3573 | D:2      | Noticed Terence
  3590 | D:2      | Killed Terence
  3693 | D:2      | HP: 1/32 [adder (2)]
  4282 | D:2      | Found a shimmering blue altar of Sif Muna.
  4299 | D:2      | Reached XP level 5. HP: 22/37 MP: 0/8
  4375 | D:2      | Identified Sif Muna's Reference Book on Ignition
  4381 | D:2      | Found a bloodstained altar of Trog.
  4481 | D:2      | Found a glowing silver altar of Zin.
  4943 | D:3      | HP: 1/55 [orc priest/divine providence (10)]
  4961 | D:3      | Reached skill level 5 in Summonings
  5047 | D:3      | Noticed dickylongcocking's ghost (weakling DrFE)
  5064 | D:3      | Found a runed translucent gate.
  5064 | D:3      | Found a runed translucent gate.
  5066 | D:3      | Found a runed translucent gate.
  5305 | D:3      | Reached XP level 6. HP: 40/43 MP: 6/10
  5613 | D:4      | Reached skill level 1 in Armour
  5868 | D:4      | Reached XP level 7. HP: 48/48 MP: 9/11
  6244 | D:4      | Found a broken altar of Ashenzari.
  6248 | D:4      | Found a hide-covered altar of Uskayaw.
  6473 | D:5      | Entered Level 5 of the Dungeon
  6754 | D:5      | Reached XP level 8. HP: 46/58 MP: 3/12
  7112 | D:5      | Found an ornate altar of the Wu Jian Council.
  7310 | D:5      | Found a shadowy altar of Dithmenos.
  7330 | D:5      | Noticed Prince Ribbit
  7528 | D:5      | HP: 2/60 [ogre/+0 giant spiked club (12)]
  7667 | D:4      | Learned a level 4 spell: Summon Ice Beast
  7997 | D:5      | Killed Prince Ribbit
  7998 | D:5      | Reached skill level 5 in Armour
  7998 | D:5      | Reached skill level 1 in Ice Magic
  8415 | D:6      | Reached XP level 9. HP: 66/66 MP: 13/13
  8502 | D:6      | Reached skill level 5 in Polearms
  8562 | D:6      | Noticed a nameless horror
  9113 | D:6      | Killed a nameless horror
  9239 | D:6      | Found a staircase to the Ecumenical Temple.
  9280 | Temple   | Entered the Ecumenical Temple
  9496 | Temple   | Became a worshipper of Kikubaaqudgha
  9736 | D:6      | Reached skill level 5 in Fighting
  9847 | D:7      | Noticed a troll
  9863 | D:7      | Killed a troll
  9864 | D:7      | Reached skill level 1 in Necromancy
  9968 | D:7      | Reached skill level 2 in Necromancy
 10019 | D:7      | Found a sand-covered staircase.
 10027 | Ossuary  | Entered an ossuary
 10140 | Ossuary  | Reached * piety under Kikubaaqudgha
 10140 | Ossuary  | Identified Kikubaaqudgha's Collected Works on Unholy Magic
                  | (Kikubaaqudgha gifted it to you in an ossuary)
 10140 | Ossuary  | Received a gift from Kikubaaqudgha
 11048 | D:8      | Noticed Pikel
 11134 | D:8      | Reached skill level 3 in Necromancy
 11239 | D:8      | Noticed Grum
 11265 | D:8      | Reached XP level 10. HP: 7/75 MP: 9/14
 11296 | D:8      | Noticed Harold
 11595 | D:8      | Learned a level 2 spell: Corpse Rot
 11731 | D:8      | Killed Pikel
 11732 | D:8      | Reached skill level 4 in Necromancy
 11854 | D:8      | Identified the Tome of the Snowflakes and Displacement
 11883 | D:8      | Reached skill level 5 in Stealth
 12063 | D:8      | Killed Grum
 12064 | D:8      | Reached skill level 5 in Necromancy
 12294 | D:8      | Killed Harold
 12295 | D:8      | Reached skill level 6 in Necromancy
 12516 | D:9      | Noticed a two-headed ogre
 12532 | D:9      | Killed a two-headed ogre
 13157 | D:9      | Reached skill level 7 in Necromancy
 13157 | D:9      | Reached XP level 11. HP: 84/84 MP: 15/15
 13196 | D:9      | Reached ** piety under Kikubaaqudgha
 13399 | D:9      | Found Ybemuqen's Book Shop.
 13875 | D:10     | Entered Level 10 of the Dungeon
 13916 | D:9      | Reached skill level 8 in Necromancy
 14300 | D:10     | Noticed a nameless horror
 14317 | D:10     | Killed a nameless horror
 14450 | D:10     | Found a staircase to the Orcish Mines.
 14553 | D:10     | Reached *** piety under Kikubaaqudgha
 14553 | D:10     | Identified Kikubaaqudgha's Reference Book on Necromancy
                  | (Kikubaaqudgha gifted it to you on level 10 of the Dungeon)
 14553 | D:10     | Received a gift from Kikubaaqudgha
 14629 | D:10     | Learned a level 4 spell: Dispel Undead
 14744 | D:10     | Found a staircase to the Lair.
 15511 | D:10     | Reached skill level 9 in Necromancy
 16126 | D:11     | Found Soika's Hallowed Reliquary.
 16126 | D:11     | Noticed a skeletal warrior
 16127 | D:11     | Found a glowing silver altar of Zin.
 16127 | D:11     | Noticed an angel
 16149 | D:11     | Killed a skeletal warrior
 16154 | D:11     | Bought a potion of heal wounds for 70 gold pieces
 16154 | D:11     | Bought a scroll of holy word for 105 gold pieces
 16158 | D:11     | Noticed a skeletal warrior
 16160 | D:11     | Noticed a skeletal warrior
 16166 | D:11     | Killed a skeletal warrior
 16167 | D:11     | Reached skill level 5 in Spellcasting
 16170 | D:11     | Killed a skeletal warrior
 16171 | D:11     | Reached XP level 12. HP: 68/92 MP: 0/20
 16180 | D:11     | Noticed a skeletal warrior
 16181 | D:11     | Noticed a skeletal warrior
 16184 | D:11     | Noticed a skeletal warrior
 16188 | D:11     | Noticed a skeletal warrior
 16343 | D:11     | Killed a skeletal warrior
 16346 | D:11     | Killed a skeletal warrior
 16347 | D:11     | Reached skill level 10 in Necromancy
 16349 | D:11     | Noticed Gastronok
 16355 | D:11     | Slain by a skeletal warrior

Illustrated notes

Levels and vault maps discovered:
D:1:      lemuel_arrival_cross, layout_loops_cross, serial_aquarium,
          aquarium_bridge_square [aquarium_subvault_wall,
          aquarium_subvault_window, aquarium_subvault_bridge,
          aquarium_subvault_bridge], aquarium_window_1, aquarium_window_1,
          aquarium_window_2, aquarium_view_2a, aquarium_view_2b,
          lemuel_flame_loot_1
D:2:      layout_basic, nzn_overflow_gifts_of_might_and_magic,
          lemuel_doored_altar, uniq_terence
D:3:      layout_rooms, gammafunk_ghost_split
D:4:      layout_loops_cross, grunt_temple_overflow_open, serial_undead,
          serial_undead_b, serial_undead_a, serial_undead_f, serial_undead_c,
          serial_undead_a
D:5:      layout_basic, overflow_temple_1_default,
          grunt_dithmenos_smoke_and_mirrors, uniq_prince_ribbit1
D:6:      layout_loops_ring, temple_doors_e
D:7:      kennysheep_spiral_hall, layout_gridville, gup_ossuary_entry_pyramid
D:8:      layout_gridville, uniq_grum, uniq_harold, uniq_pikel
D:9:      layout_loops_ring, serial_shops, nicolae_shop_statue_plus, the_bakery
D:10:     layout_roguey, erik_lair_island, hiddenorc2_lemuel
D:11:     layout_roguey, nicolae_good_shop, uniq_snorg, uniq_gastronok
Temple:   lightli_temple_of_artemis

Skill      XL: |  1  2  3  4  5  6  7  8  9 10 11 12 |
---------------+-------------------------------------+-----
Polearms       | 1 2 3 4 5 |  5.4
Fighting       | 1 3 4 5 7 |  7.8
Summonings     | 5 6 |  6.5
Spellcasting   | 3 5 6 |  6.1
Armour         | 3 4 5 |  5.0
Ice Magic      | 1 4 |  4.0
Stealth        | 4 6 7 |  7.5
Necromancy     | 3 7 9 10 | 10.1
Dodging        | |  2.0

Action                   |  1- 3 |  4- 6 |  7- 9 | 10-12 || total
-------------------------+-------+-------+-------+-------++-------
Melee: Spear             |   143 |   311 |   228 |       ||   682
       Unarmed           |     4 |       |       |       ||     4
       Trident           |       |       |   272 |    47 ||   319
       Glaive            |       |       |       |   388 ||   388
       Whip              |       |       |       |    23 ||    23
 Cast: Summon Small Mamm |    13 |    12 |    16 |       ||    41
       Call Canine Famil |     4 |    17 |    42 |     5 ||    68
       Summon Ice Beast  |       |       |    33 |    92 ||   125
       Corpse Rot        |       |       |       |     3 ||     3
       Dispel Undead     |       |       |       |    14 ||    14
Invok: Receive Corpses   |       |       |       |     1 ||     1
Evoke: Wand              |       |       |     1 |    21 ||    22
  Use: Potion            |       |     3 |       |     5 ||     8
       Scroll            |       |       |    10 |    15 ||    25
 Stab: Distracted        |     1 |     1 |     5 |     4 ||    11
       Sleeping          |     2 |     2 |     3 |     9 ||    16
       Petrified         |       |       |       |     3 ||     3
Armor: Robe              |    29 |    31 |       |       ||    60
       Skin              |       |    33 |       |       ||    33
       Ring mail         |       |    52 |   127 |       ||   179
       Troll leather arm |       |       |    95 |   273 ||   368
Dodge: Dodged            |   134 |   205 |   309 |   393 ||  1041
Block: Kite shield       |     2 |       |       |       ||     2
       Other             |       |       |       |   148 ||   148

Table legend: (Time is in decaauts)
 A = Elapsed time spent in this place.
 B = Non-inter-level travel time spent in this place.
 C = Inter-level travel time spent in this place.
 D = Time resting spent in this place.
 E = Time spent auto-exploring this place.
 F = Levels seen in this place.
 G = Mean time per level.
                   A        B        C        D        E       F      G
               +--------+--------+--------+--------+--------+-----+--------+
         Total |  16540 |  16004 |    536 |   2914 |   9401 |  13 | 1272.3 |
       Dungeon |  16032 |  15573 |    459 |   2914 |   9124 |  11 | 1457.5 |
        Temple |    227 |    150 |     77 |      0 |    116 |   1 |  227.0 |
       Ossuary |    280 |    280 |      0 |      0 |    161 |   1 |  280.0 |
               +--------+--------+--------+--------+--------+-----+--------+

Top non-repeatable levels by time:
     D:1: 2485 daAuts
     D:2: 2365 daAuts
    D:10: 2067 daAuts
     D:5: 1634 daAuts
     D:9: 1513 daAuts
     D:8: 1470 daAuts
     D:6: 1337 daAuts
     D:7: 1243 daAuts
     D:4: 979 daAuts
     D:3: 738 daAuts
 Ossuary: 280 daAuts
  Temple: 227 daAuts
    D:11: 196 daAuts
